cohdb
Replays
Latest Replays
All Replays
Popular Replays
Top Player Replays
Match Explorer
How It Works
Community
CoH3 Stats
Reddit
Sign in to upload your games and track your stats! →
Sign in with Steam
Match 47417089
Unlisted
Match 47417089
Overview
Messages
Build Orders
End
Vickers Machine Gun Team
Construct Section Command Post
Selects Indian Artillery Battlegroup
Infantry Section
Selects Towed ML 4.2-inch Heavy Mortar
Towed ML 4.2-inch Heavy Mortar
Infantry Section
Grenade Package
Construct Platoon Command Post
Humber Armored Car
Selects Valour
Infantry Training
6-pounder Anti-tank Gun Team
tkech
远远
MEOW
nilshousker
Art Attack
lengfeng988
huangdongxc
wang_charity
0
0
Comments
sign in to comment!
No comments posted yet!